[ AOE2 MATCH · #483563101 ]
Team RMBohemians vs Ethiopians
[ REPLAY ANALYSIS · EXTRACTED FROM THE RECORDED GAME ]
Feudal
14:05
Castle
18:51
Imperial
38:05
| APM avg | 31.0 |
| APM peak | 72 |
| eAPM avg | 13.7 |
| Villagers / military | 93 / 152 |
Focus
⚔️ 42.5% · 🌾 57.5%
Spearman ×76 · Hussite Wagon ×39 · Bombard Cannon ×21 · Battering Ram ×10 · Militia ×6
Feudal
8:57
Castle
25:00
Imperial
34:01
| APM avg | 44.2 |
| APM peak | 75 |
| eAPM avg | 18.8 |
| Villagers / military | 177 / 171 |
Focus
⚔️ 46.6% · 🌾 53.4%
Spearman ×94 · Kipchak ×22 · Unknown (1260) ×20 · Skirmisher ×15 · Archer ×11 · Mangonel ×9
Feudal
11:58
Castle
16:20
Imperial
33:53
| APM avg | 18.1 |
| APM peak | 118 |
| eAPM avg | 10.2 |
| Villagers / military | 114 / 138 |
Focus
⚔️ 25.7% · 🌾 74.3%
Knight ×136 · Trade Cart ×7 · Trebuchet (Packed) ×2
Feudal
11:03
Castle
15:40
Imperial
32:06
| APM avg | 27.4 |
| APM peak | 90 |
| eAPM avg | 14.3 |
| Villagers / military | 111 / 486 |
Focus
⚔️ 29.2% · 🌾 70.8%
Huskarl ×479 · Trade Cart ×25 · Mangonel ×3 · Trebuchet (Packed) ×2 · Monk ×1 · Militia ×1
Feudal
12:44
Castle
16:14
Imperial
50:36
| APM avg | 24.0 |
| APM peak | 64 |
| eAPM avg | 15.6 |
| Villagers / military | 181 / 95 |
Focus
⚔️ 21.0% · 🌾 79.0%
Skirmisher ×85 · Longbowman ×9 · Archer ×1
Feudal
16:22
Castle
20:55
Imperial
40:16
| APM avg | 39.1 |
| APM peak | 135 |
| eAPM avg | 16.0 |
| Villagers / military | 110 / 67 |
Focus
⚔️ 24.5% · 🌾 75.5%
Bombard Cannon ×25 · Archer ×22 · Genoese Crossbowman ×17 · Trade Cart ×11 · Mangonel ×2 · Scout Cavalry ×1
Feudal
13:45
Castle
16:32
Imperial
30:08
| APM avg | 22.3 |
| APM peak | 50 |
| eAPM avg | 12.8 |
| Villagers / military | 178 / 116 |
Focus
⚔️ 21.4% · 🌾 78.6%
Scorpion ×87 · Battering Ram ×20 · Trebuchet (Packed) ×8 · Ballista Elephant ×1
Feudal
11:19
Castle
20:51
Imperial
34:35
| APM avg | 24.2 |
| APM peak | 77 |
| eAPM avg | 14.4 |
| Villagers / military | 95 / 219 |
Focus
⚔️ 27.7% · 🌾 72.3%
Spearman ×120 · Shotel Warrior ×71 · Skirmisher ×15 · Bombard Cannon ×8 · Trade Cart ×5 · Battering Ram ×4
Match map
Initial resources + every placement click. Lines = walls · curves = elevation contours. ◆ gold · ⬟ stone · ● berries · ✦ relic · ◌ wall gap
Your base· ✓ Closed at 18:51 · 43t walls · 1 gate(s)
LynzoiD's base· ✓ Closed at 25:00 · 0t walls · no gate
BRUCEYP's base· ✓ Closed at 16:20 · 0t walls · no gate
lamp's base· ✓ Closed at 15:40 · 0t walls · no gate
timmy_c8's base· ✓ Closed at 16:14 · 6t walls · no gate
Lumeh's base· ✓ Closed at 20:55 · 50t walls · 2 gate(s)
ScoTtaY's base· ✓ Closed at 16:32 · 0t walls · no gate
a.elachy's base· ✓ Closed at 20:51 · 13t walls · 1 gate(s)
Smoothed initial terrain · ◌ = detected wall gap · hover for details
Inputs per minute
— Aokiji - - LynzoiD
Build order — Aokiji
First 150 of 370 actions detected
| 0:01 | Create | Villager (Male) |
| 0:01 | Create | Villager (Male) |
| 0:01 | Create | Villager (Male) |
| 0:02 | Create | Villager (Male) |
| 0:03 | Build | House |
| 0:05 | Build | House |
| 1:13 | Research | Loom |
| 1:52 | Build | Palisade Wall |
| 1:55 | Build | Palisade Wall |
| 1:55 | Create | Villager (Male) |
| 1:56 | Create | Villager (Male) |
| 2:25 | Build | Palisade Wall |
| 2:27 | Build | Palisade Wall |
| 2:28 | Build | Palisade Wall |
| 2:38 | Create | Villager (Male) |
| 3:06 | Create | Villager (Male) |
| 3:44 | Create | Villager (Male) |
| 3:45 | Create | Villager (Male) |
| 4:24 | Create | Villager (Male) |
| 5:09 | Create | Villager (Male) |
| 5:22 | Build | Palisade Wall |
| 5:38 | Create | Villager (Male) |
| 5:43 | Build | House |
| 5:51 | Create | Villager (Male) |
| 6:24 | Create | Villager (Male) |
| 6:53 | Build | Mill |
| 7:35 | Create | Villager (Male) |
| 7:35 | Create | Villager (Male) |
| 7:40 | Build | House |
| 8:01 | Create | Villager (Male) |
| 10:03 | Create | Villager (Male) |
| 10:04 | Create | Villager (Male) |
| 10:56 | Create | Villager (Male) |
| 11:10 | Build | House |
| 11:13 | Create | Villager (Male) |
| 11:21 | Create | Villager (Male) |
| 11:31 | Build | Lumber Camp |
| 11:55 | Research | Feudal Age |
| 12:07 | Build | Farm |
| 12:09 | Build | Farm |
| 12:18 | Build | Farm |
| 12:19 | Build | Farm |
| 12:47 | Create | Villager (Male) |
| 12:48 | Create | Villager (Male) |
| 13:21 | Build | Mining Camp |
| 14:05 | Age | Feudal Age |
| 14:16 | Create | Villager (Male) |
| 14:25 | Build | Blacksmith |
| 14:30 | Build | Market |
| 14:52 | Create | Villager (Male) |
| 15:07 | Build | Blacksmith |
| 15:25 | Build | Stone Wall |
| 15:37 | Build | Mining Camp |
| 15:47 | Build | Farm |
| 15:54 | Build | Farm |
| 15:59 | Build | Lumber Camp |
| 16:11 | Research | Castle Age |
| 16:24 | Create | Villager (Male) |
| 16:25 | Create | Villager (Male) |
| 17:10 | Build | Gate |
| 17:29 | Create | Villager (Male) |
| 17:29 | Create | Villager (Male) |
| 18:16 | Create | Villager (Male) |
| 18:17 | Create | Villager (Male) |
| 18:27 | Build | House |
| 18:36 | Build | House |
| 18:51 | Age | Castle Age |
| 18:53 | Build | Siege Workshop |
| 19:06 | Build | Town Center |
| 19:15 | Create | Villager (Male) |
| 19:39 | Research | Double-Bit Axe |
| 19:40 | Research | Horse Collar |
| 19:46 | Create | Battering Ram |
| 20:05 | Create | Villager (Male) |
| 20:05 | Create | Villager (Male) |
| 20:30 | Create | Villager (Male) |
| 20:31 | Create | Villager (Male) |
| 20:36 | Create | Villager (Male) |
| 20:36 | Create | Villager (Male) |
| 20:37 | Create | Villager (Male) |
| 20:41 | Build | Farm |
| 20:56 | Create | Battering Ram |
| 21:03 | Create | Villager (Male) |
| 21:58 | Build | Stone Wall |
| 22:06 | Create | Battering Ram |
| 22:44 | Build | Castle |
| 22:56 | Create | Battering Ram |
| 23:17 | Create | Villager (Male) |
| 23:17 | Create | Villager (Male) |
| 23:18 | Create | Villager (Male) |
| 23:18 | Create | Villager (Male) |
| 23:22 | Build | House |
| 23:25 | Build | House |
| 23:41 | Create | Battering Ram |
| 23:48 | Create | Battering Ram |
| 24:08 | Build | Mill |
| 24:23 | Create | Villager (Male) |
| 24:23 | Create | Villager (Male) |
| 24:23 | Create | Villager (Male) |
| 24:24 | Create | Villager (Male) |
| 24:24 | Create | Villager (Male) |
| 24:29 | Build | Lumber Camp |
| 24:40 | Create | Battering Ram |
| 24:46 | Create | Hussite Wagon |
| 24:47 | Create | Hussite Wagon |
| 25:09 | Build | Mining Camp |
| 25:29 | Create | Hussite Wagon |
| 25:29 | Create | Hussite Wagon |
| 25:43 | Create | Battering Ram |
| 26:14 | Create | Hussite Wagon |
| 26:40 | Create | Hussite Wagon |
| 26:40 | Create | Hussite Wagon |
| 26:40 | Create | Hussite Wagon |
| 26:54 | Create | Battering Ram |
| 27:01 | Create | Hussite Wagon |
| 27:46 | Create | Villager (Male) |
| 27:46 | Create | Villager (Male) |
| 27:46 | Create | Villager (Male) |
| 27:46 | Create | Villager (Male) |
| 27:47 | Create | Villager (Male) |
| 27:56 | Build | House |
| 28:02 | Build | Mill |
| 28:03 | Build | Farm |
| 28:03 | Build | Farm |
| 28:03 | Build | Farm |
| 28:03 | Build | Farm |
| 28:03 | Build | Farm |
| 28:04 | Build | Farm |
| 28:04 | Build | Farm |
| 28:04 | Build | Farm |
| 28:34 | Create | Hussite Wagon |
| 28:34 | Create | Hussite Wagon |
| 28:51 | Create | Villager (Male) |
| 28:51 | Create | Villager (Male) |
| 29:02 | Build | Town Center |
| 29:09 | Build | Mining Camp |
| 29:34 | Build | Lumber Camp |
| 29:45 | Create | Hussite Wagon |
| 29:47 | Create | Villager (Male) |
| 29:48 | Create | Villager (Male) |
| 29:48 | Create | Villager (Male) |
| 29:48 | Create | Villager (Male) |
| 29:48 | Create | Villager (Male) |
| 29:49 | Create | Villager (Male) |
| 30:17 | Create | Hussite Wagon |
| 31:02 | Build | Gate |
| 31:07 | Create | Hussite Wagon |
| 31:07 | Create | Hussite Wagon |
| 31:08 | Create | Battering Ram |
| 31:14 | Build | House |
Build order — LynzoiD
First 150 of 383 actions detected
| 0:00 | Create | Villager (Male) |
| 0:01 | Create | Villager (Male) |
| 0:01 | Create | Villager (Male) |
| 0:01 | Create | Villager (Male) |
| 0:02 | Build | House |
| 0:04 | Build | House |
| 1:39 | Create | Villager (Male) |
| 1:45 | Build | Lumber Camp |
| 2:02 | Create | Villager (Male) |
| 2:16 | Create | Villager (Male) |
| 2:40 | Create | Villager (Male) |
| 2:45 | Build | House |
| 3:06 | Create | Villager (Male) |
| 3:42 | Create | Villager (Male) |
| 4:03 | Create | Villager (Male) |
| 4:22 | Create | Villager (Male) |
| 4:23 | Create | Villager (Male) |
| 4:39 | Build | Mill |
| 5:06 | Create | Villager (Male) |
| 5:15 | Create | Villager (Male) |
| 5:24 | Research | Loom |
| 6:17 | Create | Villager (Male) |
| 6:47 | Research | Feudal Age |
| 7:12 | Create | Villager (Male) |
| 7:44 | Create | Villager (Male) |
| 8:19 | Build | House |
| 8:31 | Build | Barracks |
| 8:57 | Age | Feudal Age |
| 9:01 | Research | Double-Bit Axe |
| 9:18 | Create | Villager (Male) |
| 9:24 | Build | Archery Range |
| 9:46 | Create | Villager (Male) |
| 9:50 | Create | Spearman |
| 10:15 | Create | Villager (Male) |
| 10:20 | Build | House |
| 10:40 | Build | Mining Camp |
| 10:42 | Create | Villager (Male) |
| 10:43 | Create | Villager (Male) |
| 10:43 | Create | Villager (Male) |
| 10:47 | Build | House |
| 11:21 | Build | Blacksmith |
| 11:28 | Create | Villager (Male) |
| 11:54 | Create | Archer |
| 11:56 | Create | Spearman |
| 11:56 | Create | Villager (Male) ×5 |
| 12:12 | Build | Siege Workshop |
| 12:18 | Create | Villager (Male) ×4 |
| 12:28 | Create | Archer |
| 12:28 | Create | Archer |
| 12:47 | Create | Villager (Male) |
| 12:59 | Create | Battering Ram |
| 13:06 | Create | Villager (Male) ×4 |
| 13:32 | Build | House |
| 13:33 | Build | House |
| 14:00 | Create | Battering Ram |
| 14:02 | Create | Skirmisher |
| 14:05 | Create | Spearman |
| 14:06 | Create | Villager (Male) |
| 14:29 | Build | House |
| 14:41 | Create | Battering Ram |
| 15:01 | Create | Archer |
| 15:03 | Create | Villager (Male) ×5 |
| 15:25 | Create | Skirmisher |
| 15:30 | Create | Spearman |
| 15:36 | Build | Farm |
| 15:36 | Build | Farm |
| 15:36 | Build | Farm |
| 15:37 | Build | Farm |
| 15:37 | Build | Farm |
| 15:37 | Build | Farm |
| 15:38 | Build | Farm |
| 15:41 | Build | Farm |
| 16:10 | Create | Spearman |
| 16:10 | Create | Villager (Male) |
| 16:14 | Build | House |
| 16:15 | Build | House |
| 16:17 | Build | House |
| 17:19 | Create | Archer |
| 17:20 | Create | Archer |
| 17:21 | Create | Villager (Male) ×2 |
| 17:53 | Research | Fletching |
| 17:58 | Build | Farm |
| 18:00 | Create | Villager (Male) |
| 18:29 | Research | Padded Archer Armor |
| 18:35 | Build | Farm |
| 18:35 | Build | Farm |
| 18:35 | Build | Farm |
| 18:36 | Build | Farm |
| 18:36 | Build | Farm |
| 18:36 | Build | Farm |
| 18:36 | Build | Farm |
| 18:37 | Build | Farm |
| 18:37 | Build | Farm |
| 18:37 | Build | Farm |
| 18:37 | Build | Farm |
| 18:58 | Create | Villager (Male) |
| 19:06 | Build | Farm |
| 19:06 | Build | Farm |
| 19:07 | Build | Farm |
| 19:07 | Build | Farm |
| 19:07 | Build | Farm |
| 19:14 | Build | Farm |
| 19:15 | Create | Villager (Male) |
| 20:37 | Create | Archer |
| 20:38 | Create | Archer |
| 20:39 | Create | Archer |
| 20:40 | Create | Villager (Male) ×5 |
| 20:45 | Build | Farm |
| 20:46 | Build | Farm |
| 20:46 | Build | Farm |
| 20:46 | Build | Farm |
| 21:03 | Build | Market |
| 21:24 | Create | Battering Ram |
| 21:57 | Build | House |
| 22:13 | Research | Castle Age |
| 22:21 | Create | Villager (Male) |
| 22:23 | Create | Archer |
| 22:23 | Create | Archer |
| 23:04 | Create | Villager (Male) |
| 23:05 | Create | Villager (Male) |
| 23:18 | Research | Gold Mining |
| 25:00 | Age | Castle Age |
| 25:00 | Build | Town Center |
| 25:49 | Research | Crossbowman (upgrade) |
| 25:52 | Research | Elite Skirmisher (upgrade) |
| 25:54 | Create | Skirmisher |
| 25:54 | Create | Skirmisher |
| 25:54 | Create | Skirmisher |
| 25:57 | Research | Bodkin Arrow |
| 25:59 | Research | Leather Archer Armor |
| 26:02 | Create | Villager (Male) |
| 26:03 | Create | Villager (Male) ×5 |
| 26:04 | Create | Villager (Male) ×5 |
| 26:05 | Research | Gold Shaft Mining |
| 26:08 | Create | Villager (Male) ×5 |
| 27:20 | Create | Villager (Male) ×5 |
| 27:22 | Create | Villager (Male) ×5 |
| 27:29 | Create | Villager (Male) |
| 28:09 | Create | Skirmisher |
| 28:09 | Create | Skirmisher |
| 28:09 | Create | Skirmisher ×5 |
| 28:21 | Build | House |
| 28:40 | Create | Villager (Male) ×5 |
| 28:56 | Research | Bow Saw |
| 29:20 | Build | House |
| 29:21 | Build | House |
| 29:22 | Build | House |
| 29:34 | Create | Villager (Male) ×5 |
| 30:06 | Build | Monastery |
| 30:39 | Research | Squires |
Build order — BRUCEYP
First 150 of 333 actions detected
| 0:02 | Create | Villager (Male) |
| 0:02 | Create | Villager (Male) |
| 0:04 | Build | House |
| 0:06 | Build | House |
| 0:17 | Create | Villager (Male) |
| 0:18 | Create | Villager (Male) |
| 1:41 | Create | Villager (Male) |
| 2:14 | Create | Villager (Male) |
| 2:40 | Create | Villager (Male) |
| 2:51 | Build | Lumber Camp |
| 3:00 | Create | Villager (Male) |
| 3:11 | Build | House |
| 3:19 | Create | Villager (Male) |
| 3:45 | Create | Villager (Male) |
| 4:07 | Create | Villager (Male) |
| 4:44 | Create | Villager (Male) |
| 5:03 | Create | Villager (Male) |
| 5:04 | Create | Villager (Male) |
| 5:25 | Build | Mill |
| 5:51 | Build | House |
| 5:58 | Build | House |
| 6:28 | Create | Villager (Male) |
| 6:36 | Create | Villager (Male) |
| 6:36 | Create | Villager (Male) |
| 6:38 | Create | Villager (Male) |
| 6:38 | Create | Villager (Male) |
| 7:12 | Build | Farm |
| 7:13 | Build | Farm |
| 7:13 | Build | Farm |
| 8:01 | Create | Villager (Male) |
| 8:02 | Create | Villager (Male) |
| 8:02 | Create | Villager (Male) |
| 8:02 | Create | Villager (Male) |
| 8:02 | Create | Villager (Male) |
| 8:28 | Build | Mining Camp |
| 8:51 | Build | Farm |
| 9:18 | Create | Villager (Male) |
| 9:18 | Create | Villager (Male) |
| 9:18 | Create | Villager (Male) |
| 9:25 | Research | Feudal Age |
| 9:44 | Build | Farm |
| 9:48 | Build | Farm |
| 10:05 | Create | Villager (Male) |
| 10:06 | Create | Villager (Male) |
| 10:08 | Create | Villager (Male) |
| 10:08 | Create | Villager (Male) |
| 10:30 | Build | House |
| 11:58 | Age | Feudal Age |
| 12:05 | Build | Market |
| 12:19 | Build | Blacksmith |
| 12:45 | Research | Double-Bit Axe |
| 13:40 | Research | Castle Age |
| 14:08 | Build | Farm |
| 14:17 | Build | Farm |
| 15:41 | Create | Villager (Male) |
| 15:41 | Create | Villager (Male) |
| 15:44 | Create | Villager (Male) |
| 15:46 | Create | Villager (Male) |
| 16:20 | Age | Castle Age |
| 16:29 | Build | Town Center |
| 16:43 | Build | Town Center |
| 18:11 | Create | Villager (Male) |
| 18:12 | Create | Villager (Male) |
| 18:12 | Create | Villager (Male) |
| 18:12 | Create | Villager (Male) |
| 18:12 | Create | Villager (Male) |
| 18:13 | Create | Villager (Male) |
| 18:13 | Create | Villager (Male) |
| 18:13 | Create | Villager (Male) |
| 18:13 | Create | Villager (Male) |
| 18:13 | Create | Villager (Male) |
| 18:14 | Create | Villager (Male) |
| 18:14 | Create | Villager (Male) |
| 18:21 | Build | Farm |
| 18:22 | Build | Farm |
| 18:23 | Build | Farm |
| 18:24 | Build | Farm |
| 18:24 | Build | Farm |
| 19:00 | Build | Farm |
| 19:00 | Build | Farm |
| 19:00 | Build | Farm |
| 19:01 | Build | Farm |
| 19:15 | Build | Farm |
| 19:17 | Build | Farm |
| 19:33 | Build | Stone Wall |
| 20:09 | Build | House |
| 20:09 | Build | House |
| 20:11 | Build | House |
| 20:12 | Build | House |
| 20:14 | Build | House |
| 20:14 | Build | House |
| 20:15 | Build | House |
| 20:16 | Build | House |
| 20:34 | Create | Villager (Male) |
| 20:35 | Create | Villager (Male) |
| 20:35 | Create | Villager (Male) |
| 20:35 | Create | Villager (Male) |
| 20:35 | Create | Villager (Male) |
| 20:52 | Research | Bow Saw |
| 21:25 | Build | Stone Wall |
| 21:41 | Create | Villager (Male) |
| 21:41 | Create | Villager (Male) |
| 21:41 | Create | Villager (Male) |
| 21:42 | Create | Villager (Male) |
| 21:42 | Create | Villager (Male) |
| 21:42 | Create | Villager (Male) |
| 21:42 | Create | Villager (Male) |
| 21:43 | Create | Villager (Male) |
| 21:43 | Create | Villager (Male) |
| 21:59 | Build | Farm |
| 22:02 | Build | Farm |
| 22:11 | Build | Farm |
| 22:11 | Build | Farm |
| 22:12 | Build | Farm |
| 22:33 | Build | Barracks |
| 22:40 | Research | Scale Barding Armor |
| 22:41 | Research | Forging |
| 23:16 | Build | Farm |
| 23:27 | Build | Farm |
| 23:39 | Build | House |
| 23:40 | Build | House |
| 23:41 | Build | House |
| 23:44 | Build | House |
| 23:55 | Build | Mining Camp |
| 24:12 | Research | Chain Barding Armor |
| 24:35 | Build | Lumber Camp |
| 25:16 | Create | Villager (Male) |
| 25:16 | Create | Villager (Male) |
| 25:17 | Create | Villager (Male) |
| 25:17 | Create | Villager (Male) |
| 25:17 | Create | Villager (Male) |
| 25:18 | Create | Villager (Male) |
| 25:18 | Create | Villager (Male) |
| 25:18 | Create | Villager (Male) |
| 25:18 | Create | Villager (Male) |
| 25:19 | Create | Villager (Male) |
| 25:50 | Build | Town Center |
| 26:00 | Build | Farm |
| 26:38 | Build | Stable |
| 26:39 | Build | Stable |
| 26:40 | Build | Stable |
| 26:41 | Build | Stable |
| 26:44 | Build | Stable |
| 26:45 | Build | Stable |
| 27:40 | Research | Iron Casting |
| 28:10 | Build | Monastery |
| 28:20 | Build | University |
| 28:32 | Research | Husbandry |
| 28:33 | Create | Knight |
| 28:34 | Create | Knight |
Build order — lamp
First 150 of 401 actions detected
| 0:00 | Create | Villager (Male) |
| 0:00 | Create | Villager (Male) |
| 0:01 | Create | Villager (Male) |
| 0:03 | Build | House |
| 0:05 | Build | House |
| 0:18 | Create | Villager (Male) |
| 1:24 | Create | Villager (Male) |
| 1:51 | Build | Lumber Camp |
| 2:13 | Create | Villager (Male) |
| 2:13 | Create | Villager (Male) |
| 2:38 | Create | Villager (Male) |
| 3:08 | Create | Villager (Male) |
| 3:57 | Create | Villager (Male) |
| 3:58 | Create | Villager (Male) |
| 4:02 | Build | House |
| 4:07 | Build | House |
| 5:08 | Create | Villager (Male) |
| 5:08 | Create | Villager (Male) |
| 5:53 | Build | Mill |
| 5:57 | Create | Villager (Male) |
| 6:03 | Create | Villager (Male) |
| 6:35 | Create | Villager (Male) |
| 6:35 | Create | Villager (Male) |
| 7:13 | Create | Villager (Male) |
| 7:14 | Create | Villager (Male) |
| 8:17 | Create | Villager (Male) |
| 8:34 | Build | Mining Camp |
| 8:36 | Research | Feudal Age |
| 9:39 | Create | Villager (Male) |
| 9:40 | Create | Villager (Male) |
| 9:45 | Build | House |
| 11:03 | Age | Feudal Age |
| 12:02 | Create | Villager (Male) |
| 12:03 | Create | Villager (Male) |
| 12:10 | Build | Market |
| 12:16 | Build | Blacksmith |
| 12:32 | Create | Villager (Male) |
| 12:45 | Create | Villager (Male) |
| 13:00 | Research | Castle Age |
| 13:14 | Research | Double-Bit Axe |
| 13:19 | Research | Horse Collar |
| 13:46 | Build | Farm |
| 13:46 | Build | Farm |
| 13:47 | Build | Farm |
| 13:52 | Build | Farm |
| 13:53 | Build | Farm |
| 14:15 | Build | House |
| 14:26 | Research | Stone Mining |
| 15:28 | Create | Villager (Male) |
| 15:31 | Create | Villager (Male) |
| 15:40 | Age | Castle Age |
| 15:43 | Build | Town Center |
| 15:47 | Create | Villager (Male) |
| 15:59 | Build | Farm |
| 15:59 | Build | Farm |
| 16:00 | Build | Farm |
| 16:23 | Research | Bow Saw |
| 16:33 | Create | Villager (Male) |
| 16:37 | Build | House |
| 16:38 | Build | House |
| 16:40 | Build | House |
| 16:57 | Create | Villager (Male) |
| 17:02 | Build | Farm |
| 17:15 | Create | Villager (Male) |
| 17:15 | Create | Villager (Male) |
| 17:29 | Create | Villager (Male) |
| 17:38 | Build | Farm |
| 17:43 | Create | Villager (Male) |
| 17:55 | Build | Farm |
| 17:55 | Build | Farm |
| 17:56 | Build | Farm |
| 17:57 | Build | Farm |
| 17:58 | Build | Farm |
| 18:01 | Create | Villager (Male) |
| 18:14 | Create | Villager (Male) |
| 18:15 | Create | Villager (Male) |
| 18:23 | Build | House |
| 18:24 | Build | House |
| 18:25 | Create | Villager (Male) |
| 18:25 | Create | Villager (Male) |
| 18:59 | Build | Town Center |
| 19:01 | Create | Villager (Male) |
| 19:02 | Create | Villager (Male) |
| 19:18 | Create | Villager (Male) |
| 19:19 | Create | Villager (Male) |
| 19:23 | Build | House |
| 19:24 | Build | House |
| 19:26 | Build | House |
| 19:37 | Create | Villager (Male) |
| 19:37 | Create | Villager (Male) |
| 20:06 | Research | Gold Mining |
| 20:11 | Create | Villager (Male) |
| 20:20 | Research | Scale Mail Armor |
| 20:28 | Research | Wheelbarrow |
| 20:31 | Create | Villager (Male) |
| 20:56 | Build | Monastery |
| 21:01 | Build | House |
| 21:02 | Build | House |
| 21:04 | Build | House |
| 21:05 | Create | Villager (Male) |
| 21:05 | Create | Villager (Male) |
| 21:06 | Create | Villager (Male) |
| 21:15 | Build | Farm |
| 21:36 | Create | Villager (Male) |
| 21:36 | Create | Villager (Male) |
| 21:45 | Build | Town Center |
| 21:52 | Create | Villager (Male) |
| 21:53 | Create | Villager (Male) |
| 21:53 | Create | Villager (Male) |
| 22:00 | Create | Villager (Male) |
| 22:01 | Create | Villager (Male) |
| 22:11 | Create | Villager (Male) |
| 22:12 | Create | Villager (Male) |
| 22:22 | Create | Monk |
| 22:34 | Build | Castle |
| 22:35 | Create | Villager (Male) |
| 22:35 | Create | Villager (Male) |
| 22:40 | Build | House |
| 22:43 | Build | House |
| 22:59 | Create | Villager (Male) |
| 23:20 | Create | Villager (Male) |
| 23:20 | Create | Villager (Male) |
| 23:21 | Create | Villager (Male) |
| 23:27 | Build | Farm |
| 23:27 | Build | Farm |
| 23:28 | Build | Farm |
| 23:29 | Build | Farm |
| 23:30 | Build | Farm |
| 23:32 | Create | Villager (Male) |
| 23:33 | Create | Villager (Male) |
| 23:40 | Build | House |
| 23:44 | Build | House |
| 23:48 | Create | Villager (Male) |
| 24:03 | Create | Villager (Male) |
| 24:03 | Create | Villager (Male) |
| 24:03 | Create | Villager (Male) |
| 24:04 | Create | Villager (Male) |
| 24:04 | Create | Villager (Male) |
| 24:20 | Build | Farm |
| 24:20 | Build | Farm |
| 24:21 | Build | Farm |
| 24:22 | Build | Farm |
| 24:22 | Build | Farm |
| 24:24 | Create | Villager (Male) |
| 24:25 | Create | Villager (Male) |
| 24:25 | Create | Villager (Male) |
| 24:42 | Build | Barracks |
| 24:57 | Build | Farm |
| 24:58 | Build | Farm |
| 24:58 | Build | Farm |
Build order — timmy_c8
First 150 of 433 actions detected
| 0:02 | Create | Villager (Male) |
| 0:04 | Build | House |
| 0:06 | Build | House |
| 0:30 | Research | Loom |
| 0:30 | Create | Villager (Male) |
| 0:31 | Create | Villager (Male) |
| 0:31 | Create | Villager (Male) |
| 1:38 | Build | Palisade Wall |
| 2:03 | Build | Lumber Camp |
| 2:08 | Create | Villager (Male) |
| 2:34 | Create | Villager (Male) |
| 3:00 | Create | Villager (Male) |
| 3:27 | Create | Villager (Male) |
| 3:43 | Create | Villager (Male) |
| 4:30 | Create | Villager (Male) |
| 4:46 | Build | House |
| 4:52 | Create | Villager (Male) |
| 5:32 | Create | Villager (Male) |
| 5:41 | Build | Mill |
| 5:49 | Build | House |
| 5:55 | Create | Villager (Male) |
| 6:24 | Create | Villager (Male) |
| 6:25 | Create | Villager (Male) |
| 6:26 | Create | Villager (Male) |
| 7:34 | Create | Villager (Male) |
| 7:34 | Create | Villager (Male) |
| 7:34 | Create | Villager (Male) |
| 7:58 | Create | Villager (Male) |
| 7:58 | Create | Villager (Male) |
| 8:15 | Create | Villager (Male) |
| 8:29 | Build | House |
| 8:55 | Create | Villager (Male) |
| 9:39 | Create | Villager (Male) |
| 9:50 | Build | Mining Camp |
| 10:02 | Research | Feudal Age |
| 10:03 | Create | Villager (Male) |
| 10:03 | Create | Villager (Male) |
| 10:55 | Build | Mining Camp |
| 12:29 | Build | Farm |
| 12:44 | Age | Feudal Age |
| 12:46 | Build | Market |
| 12:49 | Build | Blacksmith |
| 12:54 | Build | Farm |
| 13:07 | Build | Farm |
| 13:16 | Research | Double-Bit Axe |
| 13:33 | Research | Castle Age |
| 13:42 | Research | Horse Collar |
| 13:49 | Build | House |
| 14:34 | Build | Farm |
| 14:48 | Create | Villager (Male) |
| 14:55 | Build | Farm |
| 15:03 | Build | Farm |
| 16:14 | Age | Castle Age |
| 16:20 | Research | Bow Saw |
| 16:24 | Research | Heavy Plow |
| 16:37 | Build | Castle |
| 16:43 | Build | House |
| 16:47 | Build | Stone Wall |
| 16:53 | Build | Stone Wall |
| 16:59 | Build | Gate |
| 17:18 | Create | Villager (Male) |
| 17:19 | Create | Villager (Male) |
| 17:19 | Create | Villager (Male) |
| 17:19 | Create | Villager (Male) |
| 17:20 | Create | Villager (Male) |
| 18:00 | Build | Stone Wall |
| 18:05 | Create | Villager (Male) |
| 18:17 | Build | Lumber Camp |
| 18:38 | Build | Castle |
| 19:12 | Build | House |
| 19:17 | Build | Stone Wall |
| 19:20 | Build | Stone Wall |
| 19:24 | Build | House |
| 19:27 | Build | Stone Wall |
| 19:33 | Build | House |
| 19:38 | Create | Villager (Male) |
| 19:39 | Create | Villager (Male) |
| 20:02 | Create | Longbowman |
| 20:02 | Create | Longbowman |
| 20:02 | Create | Longbowman |
| 20:19 | Create | Longbowman |
| 20:35 | Create | Villager (Male) |
| 20:35 | Create | Villager (Male) |
| 20:35 | Create | Villager (Male) |
| 20:43 | Create | Longbowman |
| 20:57 | Research | Fletching |
| 21:25 | Build | Farm |
| 21:51 | Build | Stone Wall |
| 22:28 | Create | Villager (Male) |
| 22:29 | Create | Villager (Male) |
| 22:29 | Create | Villager (Male) |
| 22:54 | Build | Gate |
| 22:55 | Create | Villager (Male) |
| 23:12 | Build | Town Center |
| 23:15 | Create | Villager (Male) |
| 23:50 | Create | Longbowman |
| 23:51 | Create | Longbowman |
| 23:59 | Build | Stone Wall |
| 24:01 | Build | Stone Wall |
| 24:07 | Build | Gate |
| 24:11 | Create | Longbowman |
| 24:11 | Create | Longbowman |
| 24:19 | Create | Villager (Male) |
| 24:27 | Build | Farm |
| 24:30 | Create | Villager (Male) |
| 24:45 | Build | Outpost |
| 24:55 | Build | Farm |
| 25:34 | Build | Barracks |
| 25:38 | Build | Barracks |
| 25:38 | Create | Villager (Male) |
| 25:38 | Create | Villager (Male) |
| 25:47 | Build | Mill |
| 25:47 | Build | Farm |
| 25:47 | Build | Farm |
| 25:48 | Build | Farm |
| 25:48 | Build | Farm |
| 25:48 | Build | Farm |
| 25:48 | Build | Farm |
| 25:49 | Build | Farm |
| 25:49 | Build | Farm |
| 25:49 | Build | Farm |
| 25:50 | Build | Farm |
| 25:56 | Create | Villager (Male) |
| 25:57 | Create | Villager (Male) |
| 26:24 | Create | Villager (Male) |
| 26:25 | Create | Villager (Male) |
| 26:25 | Create | Villager (Male) |
| 26:52 | Build | Gate |
| 27:02 | Create | Villager (Male) |
| 27:03 | Create | Villager (Male) |
| 27:03 | Create | Villager (Male) |
| 27:12 | Build | Stone Wall |
| 27:15 | Build | Stone Wall |
| 27:21 | Build | Stone Wall |
| 27:23 | Create | Villager (Male) |
| 27:24 | Create | Villager (Male) |
| 27:24 | Create | Villager (Male) |
| 27:27 | Build | Farm |
| 27:44 | Create | Villager (Male) |
| 27:45 | Create | Villager (Male) |
| 28:09 | Create | Villager (Male) |
| 28:09 | Create | Villager (Male) |
| 28:37 | Create | Villager (Male) |
| 28:40 | Create | Villager (Male) |
| 28:49 | Create | Villager (Male) |
| 30:34 | Create | Villager (Male) |
| 30:34 | Create | Villager (Male) |
| 30:35 | Create | Villager (Male) |
| 30:35 | Create | Villager (Male) |
| 30:35 | Create | Villager (Male) |
Build order — Lumeh
First 150 of 322 actions detected
| 0:01 | Create | Villager (Male) |
| 0:01 | Create | Villager (Male) |
| 0:03 | Build | House |
| 0:04 | Build | House |
| 0:05 | Create | Villager (Male) |
| 0:06 | Create | Villager (Male) |
| 0:06 | Create | Villager (Male) |
| 0:09 | Research | Loom |
| 0:09 | Create | Villager (Male) |
| 0:10 | Create | Villager (Male) |
| 0:10 | Create | Villager (Male) |
| 1:05 | Build | Palisade Wall |
| 1:53 | Create | Villager (Male) |
| 2:56 | Build | Palisade Wall |
| 3:20 | Build | Lumber Camp |
| 3:22 | Create | Villager (Male) |
| 3:23 | Create | Villager (Male) |
| 4:08 | Create | Villager (Male) |
| 4:51 | Build | Palisade Wall |
| 5:17 | Create | Villager (Male) |
| 5:17 | Create | Villager (Male) |
| 6:15 | Create | Villager (Male) |
| 7:09 | Create | Villager (Male) |
| 7:15 | Build | Mill |
| 7:21 | Build | House |
| 7:21 | Build | House |
| 7:34 | Create | Villager (Male) |
| 7:34 | Create | Villager (Male) |
| 8:47 | Create | Villager (Male) |
| 8:47 | Create | Villager (Male) |
| 8:47 | Create | Villager (Male) |
| 8:48 | Create | Villager (Male) |
| 8:48 | Create | Villager (Male) |
| 9:14 | Create | Villager (Male) |
| 9:56 | Create | Villager (Male) |
| 10:07 | Build | Mill |
| 10:24 | Create | Villager (Male) |
| 10:25 | Create | Villager (Male) |
| 10:25 | Create | Villager (Male) |
| 10:36 | Build | Palisade Wall |
| 11:39 | Create | Villager (Male) |
| 12:12 | Build | Mining Camp |
| 12:15 | Create | Villager (Male) |
| 12:21 | Create | Villager (Male) |
| 12:21 | Create | Villager (Male) |
| 12:22 | Create | Villager (Male) |
| 12:41 | Build | Farm |
| 12:43 | Build | Farm |
| 12:46 | Build | Farm |
| 12:49 | Build | Farm |
| 13:10 | Build | House |
| 13:11 | Build | House |
| 13:25 | Research | Feudal Age |
| 13:30 | Create | Villager (Male) |
| 13:31 | Research | Feudal Age |
| 13:44 | Build | Farm |
| 14:11 | Create | Villager (Male) |
| 14:12 | Create | Villager (Male) |
| 14:12 | Create | Villager (Male) |
| 14:17 | Build | Mining Camp |
| 15:54 | Build | Barracks |
| 16:22 | Age | Feudal Age |
| 16:46 | Build | Archery Range |
| 17:11 | Build | Stable |
| 17:42 | Create | Villager (Male) |
| 17:42 | Create | Villager (Male) |
| 17:45 | Build | Farm |
| 17:51 | Create | Villager (Male) |
| 18:15 | Research | Castle Age |
| 18:21 | Build | House |
| 18:22 | Build | House |
| 18:23 | Build | House |
| 18:26 | Build | House |
| 18:27 | Research | Double-Bit Axe |
| 18:49 | Create | Villager (Male) |
| 18:49 | Create | Villager (Male) |
| 18:54 | Research | Horse Collar |
| 18:56 | Create | Villager (Male) |
| 19:10 | Build | Stone Wall |
| 19:15 | Build | Gate |
| 19:19 | Build | Gate |
| 19:34 | Build | Gate |
| 19:40 | Build | Stone Wall |
| 20:55 | Age | Castle Age |
| 21:01 | Build | Castle |
| 21:10 | Build | Castle |
| 21:20 | Create | Villager (Male) |
| 21:25 | Build | Farm |
| 21:26 | Create | Villager (Male) |
| 21:31 | Research | Crossbowman (upgrade) |
| 21:33 | Create | Archer |
| 21:33 | Create | Archer |
| 21:38 | Research | Light Cavalry (upgrade) |
| 21:46 | Create | Villager (Male) |
| 22:01 | Build | Market |
| 22:05 | Build | Market |
| 22:33 | Build | Farm |
| 22:33 | Create | Villager (Male) |
| 22:44 | Build | Farm |
| 22:51 | Create | Genoese Crossbowman |
| 22:52 | Create | Genoese Crossbowman |
| 23:50 | Build | Blacksmith |
| 24:03 | Create | Villager (Male) |
| 24:04 | Create | Villager (Male) |
| 24:10 | Create | Genoese Crossbowman |
| 24:11 | Create | Genoese Crossbowman |
| 24:20 | Research | Silk Road |
| 24:39 | Build | Siege Workshop |
| 24:47 | Create | Genoese Crossbowman |
| 24:48 | Create | Archer |
| 24:50 | Create | Villager (Male) |
| 24:50 | Create | Villager (Male) |
| 25:04 | Build | Farm |
| 25:10 | Create | Villager (Male) |
| 25:20 | Create | Genoese Crossbowman |
| 25:22 | Create | Archer |
| 25:59 | Create | Mangonel |
| 27:04 | Create | Archer |
| 27:06 | Research | Thumb Ring |
| 27:11 | Build | House |
| 27:11 | Build | House |
| 27:12 | Build | House |
| 27:13 | Build | House |
| 27:14 | Build | House |
| 27:14 | Build | House |
| 27:45 | Create | Mangonel |
| 27:57 | Create | Villager (Male) |
| 27:57 | Create | Villager (Male) |
| 28:26 | Create | Trade Cart |
| 28:28 | Create | Trade Cart |
| 28:35 | Build | Market |
| 28:37 | Create | Villager (Male) |
| 28:37 | Create | Villager (Male) |
| 28:41 | Create | Archer |
| 28:54 | Build | Farm |
| 28:55 | Create | Villager (Male) |
| 28:56 | Create | Villager (Male) |
| 29:10 | Create | Archer |
| 29:10 | Create | Archer |
| 29:29 | Build | Farm |
| 29:31 | Create | Villager (Male) |
| 29:37 | Research | Light Cavalry (upgrade) |
| 29:39 | Create | Scout Cavalry |
| 29:55 | Research | Fletching |
| 29:56 | Research | Padded Archer Armor |
| 29:59 | Create | Archer |
| 30:00 | Create | Archer |
| 30:03 | Create | Trade Cart |
| 30:03 | Create | Trade Cart |
| 30:23 | Build | Town Center |
Build order — ScoTtaY
First 150 of 294 actions detected
| 0:00 | Create | Villager (Male) |
| 0:01 | Create | Villager (Male) |
| 0:01 | Create | Villager (Male) |
| 0:03 | Build | House |
| 0:04 | Build | House |
| 0:41 | Create | Villager (Male) |
| 1:33 | Create | Villager (Male) |
| 2:01 | Create | Villager (Male) |
| 2:11 | Build | Lumber Camp |
| 2:17 | Create | Villager (Male) |
| 2:55 | Create | Villager (Male) |
| 3:03 | Create | Villager (Male) |
| 3:09 | Build | House |
| 3:12 | Build | House |
| 4:45 | Create | Villager (Male) |
| 4:45 | Create | Villager (Male) |
| 4:46 | Create | Villager (Male) |
| 5:21 | Build | Mill |
| 5:23 | Create | Villager (Male) |
| 5:23 | Create | Villager (Male) |
| 6:10 | Create | Villager (Male) |
| 6:26 | Create | Villager (Male) |
| 6:30 | Build | House |
| 6:34 | Build | House |
| 7:06 | Create | Villager (Male) |
| 7:10 | Create | Villager (Male) |
| 7:10 | Create | Villager (Male) |
| 7:11 | Create | Villager (Male) |
| 7:37 | Build | Mill |
| 7:40 | Create | Villager (Male) |
| 7:57 | Research | Loom |
| 8:12 | Create | Villager (Male) |
| 8:12 | Create | Villager (Male) |
| 8:13 | Create | Villager (Male) |
| 9:18 | Create | Villager (Male) |
| 9:28 | Build | Mining Camp |
| 10:09 | Create | Villager (Male) |
| 10:17 | Build | House |
| 10:58 | Research | Feudal Age |
| 11:21 | Build | Mining Camp |
| 12:43 | Build | Lumber Camp |
| 13:45 | Age | Feudal Age |
| 13:52 | Research | Castle Age |
| 14:01 | Research | Double-Bit Axe |
| 14:04 | Research | Horse Collar |
| 14:10 | Build | Farm |
| 14:10 | Build | Farm |
| 14:11 | Build | Farm |
| 14:11 | Build | Farm |
| 14:12 | Build | Farm |
| 14:12 | Build | Farm |
| 15:21 | Build | Farm |
| 15:25 | Build | Farm |
| 16:32 | Age | Castle Age |
| 16:35 | Build | Town Center |
| 16:41 | Build | Town Center |
| 16:42 | Create | Villager (Male) |
| 16:55 | Build | Town Center |
| 17:01 | Build | House |
| 17:15 | Create | Villager (Male) |
| 17:30 | Build | Farm |
| 17:48 | Research | Bow Saw |
| 18:05 | Create | Villager (Male) |
| 18:09 | Create | Villager (Male) |
| 18:20 | Research | Heavy Plow |
| 18:22 | Create | Villager (Male) |
| 18:24 | Create | Villager (Male) |
| 18:25 | Create | Villager (Male) |
| 18:25 | Create | Villager (Male) |
| 18:29 | Create | Villager (Male) |
| 18:29 | Create | Villager (Male) |
| 18:39 | Build | Farm |
| 18:42 | Build | Farm |
| 18:53 | Build | Farm |
| 18:55 | Create | Villager (Male) |
| 18:55 | Create | Villager (Male) |
| 19:00 | Build | Farm |
| 19:04 | Build | Farm |
| 19:14 | Build | Farm |
| 19:15 | Create | Villager (Male) |
| 19:15 | Create | Villager (Male) |
| 19:22 | Build | Farm |
| 19:38 | Create | Villager (Male) |
| 19:38 | Create | Villager (Male) |
| 19:45 | Build | Farm |
| 19:47 | Build | Farm |
| 19:49 | Create | Villager (Male) |
| 19:56 | Build | Farm |
| 19:56 | Build | Farm |
| 19:57 | Build | Farm |
| 19:58 | Build | Farm |
| 19:59 | Build | Farm |
| 20:06 | Build | Farm |
| 20:13 | Build | Farm |
| 20:14 | Create | Villager (Male) |
| 20:14 | Create | Villager (Male) |
| 20:15 | Create | Villager (Male) |
| 20:19 | Create | Villager (Male) |
| 20:30 | Build | House |
| 20:32 | Build | House |
| 20:33 | Build | House |
| 20:35 | Build | House |
| 20:38 | Build | House |
| 20:44 | Create | Villager (Male) ×3 |
| 20:50 | Build | House |
| 20:51 | Build | House |
| 20:52 | Build | House |
| 20:53 | Build | House |
| 20:56 | Create | Villager (Male) ×2 |
| 21:04 | Create | Villager (Male) |
| 21:09 | Build | Farm |
| 21:09 | Build | Farm |
| 21:10 | Build | Farm |
| 21:10 | Build | Farm |
| 21:11 | Build | Farm |
| 21:11 | Build | Farm |
| 21:16 | Create | Villager (Male) |
| 21:17 | Create | Villager (Male) |
| 21:19 | Create | Villager (Male) |
| 21:27 | Create | Villager (Male) |
| 21:39 | Build | Farm |
| 21:40 | Build | Farm |
| 21:43 | Create | Villager (Male) |
| 21:43 | Create | Villager (Male) |
| 22:02 | Create | Villager (Male) ×4 |
| 22:15 | Create | Villager (Male) |
| 22:30 | Build | Town Center |
| 22:33 | Create | Villager (Male) |
| 22:33 | Create | Villager (Male) |
| 22:42 | Build | House |
| 22:42 | Build | House |
| 22:43 | Build | House |
| 22:44 | Build | House |
| 22:49 | Build | House |
| 22:49 | Build | House |
| 22:50 | Build | House |
| 22:51 | Build | House |
| 22:52 | Build | House |
| 22:52 | Build | House |
| 22:54 | Build | House |
| 22:56 | Create | Villager (Male) ×5 |
| 23:03 | Build | Farm |
| 23:04 | Build | Farm |
| 23:04 | Build | Farm |
| 23:05 | Build | Farm |
| 23:05 | Build | Farm |
| 23:05 | Build | Farm |
| 23:14 | Create | Villager (Male) |
| 23:15 | Create | Villager (Male) ×5 |
| 23:26 | Create | Villager (Male) ×3 |
Build order — a.elachy
First 150 of 267 actions detected
| 0:07 | Build | House |
| 0:08 | Build | House |
| 0:12 | Create | Villager (Male) |
| 0:45 | Create | Villager (Male) |
| 0:45 | Create | Villager (Male) |
| 0:45 | Create | Villager (Male) |
| 0:57 | Build | Palisade Wall |
| 1:58 | Create | Villager (Male) |
| 2:44 | Create | Villager (Male) |
| 2:53 | Build | Mining Camp |
| 3:06 | Create | Villager (Male) |
| 3:42 | Create | Villager (Male) |
| 4:23 | Create | Villager (Male) |
| 4:23 | Create | Villager (Male) |
| 5:06 | Create | Villager (Male) |
| 5:06 | Create | Villager (Male) |
| 5:22 | Build | House |
| 5:32 | Create | Villager (Male) |
| 5:45 | Create | Villager (Male) |
| 5:57 | Build | Mill |
| 6:38 | Create | Villager (Male) |
| 6:52 | Create | Villager (Male) |
| 7:15 | Create | Villager (Male) |
| 7:34 | Create | Villager (Male) |
| 7:56 | Create | Villager (Male) |
| 8:03 | Build | House |
| 9:09 | Research | Feudal Age |
| 9:30 | Build | Lumber Camp |
| 9:51 | Build | Palisade Gate |
| 10:14 | Build | House |
| 10:26 | Create | Villager (Male) |
| 10:26 | Create | Villager (Male) |
| 10:26 | Create | Villager (Male) |
| 10:55 | Build | Mining Camp |
| 11:19 | Age | Feudal Age |
| 11:21 | Research | Double-Bit Axe |
| 11:55 | Create | Villager (Male) |
| 12:19 | Build | Market |
| 12:38 | Build | Mill |
| 12:46 | Create | Villager (Male) |
| 12:46 | Create | Villager (Male) |
| 12:56 | Build | House |
| 13:12 | Build | Farm |
| 13:31 | Build | Farm |
| 13:36 | Create | Villager (Male) |
| 13:36 | Create | Villager (Male) |
| 14:11 | Build | Blacksmith |
| 14:14 | Build | House |
| 14:24 | Create | Villager (Male) |
| 14:35 | Build | Farm |
| 14:44 | Build | Farm |
| 14:54 | Create | Villager (Male) |
| 15:07 | Build | Farm |
| 15:12 | Build | Farm |
| 15:17 | Create | Villager (Male) |
| 15:17 | Create | Villager (Male) |
| 15:27 | Build | House |
| 15:33 | Build | Farm |
| 15:38 | Build | Farm |
| 15:58 | Build | Farm |
| 16:17 | Build | Farm |
| 16:22 | Build | Farm |
| 16:28 | Create | Villager (Male) |
| 16:37 | Build | Farm |
| 16:53 | Create | Villager (Male) |
| 17:03 | Build | Farm |
| 17:33 | Create | Villager (Male) |
| 17:33 | Create | Villager (Male) |
| 17:44 | Build | Farm |
| 18:11 | Research | Castle Age |
| 18:57 | Build | Barracks |
| 19:04 | Build | Farm |
| 19:11 | Create | Villager (Male) |
| 19:11 | Create | Villager (Male) |
| 20:44 | Create | Villager (Male) |
| 20:51 | Age | Castle Age |
| 21:02 | Build | Siege Workshop |
| 21:14 | Build | Town Center |
| 21:36 | Build | Castle |
| 21:43 | Research | Forging |
| 21:44 | Create | Villager (Male) ×5 |
| 21:48 | Research | Bow Saw |
| 22:00 | Create | Villager (Male) |
| 22:01 | Create | Villager (Male) |
| 22:08 | Create | Battering Ram |
| 22:08 | Create | Battering Ram |
| 22:08 | Create | Battering Ram |
| 22:11 | Create | Battering Ram |
| 22:40 | Build | House |
| 22:42 | Build | House |
| 22:47 | Create | Villager (Male) |
| 23:15 | Create | Villager (Male) ×5 |
| 23:25 | Create | Villager (Male) |
| 23:44 | Build | Farm |
| 23:53 | Build | Farm |
| 24:00 | Create | Shotel Warrior ×5 |
| 24:09 | Build | Farm |
| 24:21 | Build | House |
| 24:21 | Build | House |
| 24:23 | Build | House |
| 24:36 | Research | Wheelbarrow |
| 24:43 | Create | Shotel Warrior |
| 24:43 | Create | Shotel Warrior |
| 24:43 | Create | Shotel Warrior |
| 25:23 | Create | Shotel Warrior |
| 25:24 | Create | Shotel Warrior |
| 26:21 | Create | Villager (Male) ×5 |
| 26:23 | Create | Villager (Male) ×5 |
| 27:20 | Create | Shotel Warrior ×5 |
| 27:42 | Build | Farm |
| 27:50 | Create | Villager (Male) |
| 27:50 | Create | Villager (Male) |
| 27:59 | Build | House |
| 28:00 | Build | House |
| 28:00 | Build | House |
| 28:46 | Research | Hand Cart |
| 29:51 | Build | Town Center |
| 29:59 | Build | Farm |
| 30:08 | Create | Villager (Male) |
| 30:11 | Create | Shotel Warrior |
| 31:18 | Build | Archery Range |
| 31:19 | Build | Archery Range |
| 31:20 | Build | Archery Range |
| 31:25 | Research | Imperial Age |
| 31:28 | Create | Villager (Male) ×5 |
| 33:38 | Create | Spearman ×5 |
| 33:38 | Create | Spearman ×5 |
| 33:59 | Build | Barracks |
| 33:59 | Build | Barracks |
| 34:02 | Build | Barracks |
| 34:21 | Create | Villager (Male) ×5 |
| 34:35 | Age | Imperial Age |
| 34:39 | Research | Two-Man Saw |
| 34:58 | Build | Castle |
| 35:03 | Research | Elite Skirmisher (upgrade) |
| 35:06 | Create | Skirmisher ×5 |
| 35:06 | Create | Skirmisher ×5 |
| 35:19 | Research | Halberdier (upgrade) |
| 35:21 | Research | Iron Casting |
| 35:22 | Research | Scale Mail Armor |
| 35:32 | Create | Villager (Male) ×2 |
| 36:31 | Build | Farm |
| 36:35 | Build | Farm |
| 36:39 | Build | Farm |
| 36:44 | Build | Farm |
| 36:50 | Research | Horse Collar |
| 36:52 | Research | Gold Mining |
| 36:57 | Build | Farm |
| 36:59 | Research | Caravan |
| 37:00 | Research | Guilds |
Match timeline
| 0:57 | a.elachy · wall_segment Palisade Wall x13 |
| 1:05 | Lumeh · wall_segment Palisade Wall x18 |
| 1:38 | timmy_c8 · wall_segment Palisade Wall x6 |
| 1:52 | Aokiji · wall_segment Palisade Wall x11 |
| 1:55 | Aokiji · wall_segment Palisade Wall x1 |
| 2:25 | Aokiji · wall_segment Palisade Wall x1 |
| 2:27 | Aokiji · wall_segment Palisade Wall x1 |
| 2:28 | Aokiji · wall_segment Palisade Wall x4 |
| 2:56 | Lumeh · wall_segment Palisade Wall x12 |
| 4:51 | Lumeh · wall_segment Palisade Wall x1 |
| 5:22 | Aokiji · wall_segment Palisade Wall x13 |
| 8:31 | LynzoiD · first_building Barracks |
| 8:57 | LynzoiD · age_up feudal |
| 9:24 | LynzoiD · first_building Archery Range |
| 10:36 | Lumeh · wall_segment Palisade Wall x7 |
| 11:03 | lamp · age_up feudal |
| 11:19 | a.elachy · age_up feudal |
| 11:58 | BRUCEYP · age_up feudal |
| 12:12 | LynzoiD · first_building Siege Workshop |
| 12:44 | timmy_c8 · age_up feudal |
| 13:45 | ScoTtaY · age_up feudal |
| 14:05 | Aokiji · age_up feudal |
| 15:25 | Aokiji · wall_segment Stone Wall x12 |
| 15:40 | lamp · age_up castle |
| 15:54 | Lumeh · first_building Barracks |
| 16:14 | timmy_c8 · age_up castle |
| 16:20 | BRUCEYP · age_up castle |
| 16:22 | Lumeh · age_up feudal |
| 16:32 | ScoTtaY · age_up castle |
| 16:37 | timmy_c8 · first_building Castle |
| 16:46 | Lumeh · first_building Archery Range |
| 16:47 | timmy_c8 · wall_segment Stone Wall x1 |
| 16:53 | timmy_c8 · wall_segment Stone Wall x7 |
| 17:11 | Lumeh · first_building Stable |
| 17:51 | lamp · first_market_buy 100 wood |
| 18:00 | timmy_c8 · wall_segment Stone Wall x7 |
| 18:51 | Aokiji · age_up castle |
| 18:53 | Aokiji · first_building Siege Workshop |
| 18:57 | a.elachy · first_building Barracks |
| 19:10 | Lumeh · wall_segment Stone Wall x22 |
| 19:17 | timmy_c8 · wall_segment Stone Wall x1 |
| 19:20 | timmy_c8 · wall_segment Stone Wall x2 |
| 19:27 | timmy_c8 · wall_segment Stone Wall x1 |
| 19:33 | BRUCEYP · wall_segment Stone Wall x11 |
| 19:40 | Lumeh · wall_segment Stone Wall x5 |
| 20:51 | a.elachy · age_up castle |
| 20:55 | Lumeh · age_up castle |
| 20:56 | lamp · first_building Monastery |
| 21:01 | Lumeh · first_building Castle |
| 21:02 | a.elachy · first_building Siege Workshop |
| 21:12 | BRUCEYP · first_market_buy 100 stone |
| 21:24 | a.elachy · first_market_sell 100 food |
| 21:25 | BRUCEYP · wall_segment Stone Wall x6 |
| 21:25 | a.elachy · first_market_buy 100 stone |
| 21:36 | a.elachy · first_building Castle |
| 21:51 | timmy_c8 · wall_segment Stone Wall x5 |
| 21:58 | Aokiji · wall_segment Stone Wall x7 |
| 22:33 | BRUCEYP · first_building Barracks |
| 22:34 | lamp · first_building Castle |
| 22:44 | Aokiji · first_building Castle |
| 23:59 | timmy_c8 · wall_segment Stone Wall x8 |
| 24:01 | timmy_c8 · wall_segment Stone Wall x2 |
| 24:18 | Aokiji · first_market_sell 100 stone |
| 24:20 | Aokiji · first_market_buy 100 food |
| 24:39 | Lumeh · first_building Siege Workshop |
| 24:42 | lamp · first_building Barracks |
| 25:00 | LynzoiD · age_up castle |
| 25:34 | timmy_c8 · first_building Barracks |
| 25:58 | Lumeh · first_market_sell 100 food |
| 26:38 | BRUCEYP · first_building Stable |
| 27:12 | timmy_c8 · wall_segment Stone Wall x3 |
| 27:15 | timmy_c8 · wall_segment Stone Wall x3 |
| 27:21 | timmy_c8 · wall_segment Stone Wall x8 |
| 27:29 | ScoTtaY · first_building Siege Workshop |
| 27:44 | BRUCEYP · first_market_sell 100 wood |
| 27:57 | lamp · first_market_sell 500 wood |
| 28:10 | BRUCEYP · first_building Monastery |
| 28:14 | ScoTtaY · first_building Castle |
| 30:01 | LynzoiD · first_market_buy 100 wood |
| 30:06 | LynzoiD · first_building Monastery |
| 30:08 | ScoTtaY · age_up imperial |
| 30:16 | Lumeh · first_market_buy 100 wood |
| 31:18 | a.elachy · first_building Archery Range |
| 32:06 | lamp · age_up imperial |
| 33:53 | BRUCEYP · age_up imperial |
| 34:01 | LynzoiD · age_up imperial |
| 34:05 | BRUCEYP · first_building Castle |
| 34:35 | a.elachy · age_up imperial |
| 34:39 | ScoTtaY · wall_segment Stone Wall x9 |
| 35:26 | timmy_c8 · wall_segment Palisade Wall x1 |
| 35:27 | timmy_c8 · wall_segment Palisade Wall x1 |
| 35:54 | Aokiji · first_building Barracks |
| 36:04 | ScoTtaY · first_market_sell 500 wood |
| 36:39 | Aokiji · wall_segment Stone Wall x7 |
| 37:11 | LynzoiD · first_building Castle |
| 37:40 | a.elachy · first_building Monastery |
| 38:05 | Aokiji · age_up imperial |
| 39:06 | timmy_c8 · first_building Archery Range |
| 40:16 | Lumeh · age_up imperial |
| 43:07 | LynzoiD · wall_segment Palisade Wall x1 |
| 43:42 | Aokiji · wall_segment Stone Wall x12 |
| 44:42 | timmy_c8 · first_market_sell 100 food |
| 45:14 | Lumeh · wall_segment Stone Wall x20 |
| 46:40 | timmy_c8 · first_building Monastery |
| 46:54 | ScoTtaY · first_building Monastery |
| 50:17 | LynzoiD · first_building Stable |
| 50:36 | timmy_c8 · age_up imperial |
| 51:33 | lamp · first_building Siege Workshop |
| 52:18 | ScoTtaY · first_building Stable |
| 52:31 | LynzoiD · tribute_sent a jugador 2 |
| 52:31 | LynzoiD · tribute_sent a jugador 3 |
| 52:31 | LynzoiD · tribute_sent a jugador 4 |
| 52:31 | LynzoiD · tribute_sent a jugador 5 |
| 52:31 | LynzoiD · tribute_sent a jugador 6 |
| 52:31 | LynzoiD · tribute_sent a jugador 7 |
| 52:31 | LynzoiD · tribute_sent a jugador 8 |
| 52:33 | ScoTtaY · first_building Barracks |
| 54:27 | LynzoiD · tribute_sent a jugador 2 |
| 54:27 | LynzoiD · tribute_sent a jugador 3 |
| 54:27 | LynzoiD · tribute_sent a jugador 4 |
| 54:27 | LynzoiD · tribute_sent a jugador 5 |
| 54:27 | LynzoiD · tribute_sent a jugador 6 |
| 54:27 | LynzoiD · tribute_sent a jugador 7 |
| 54:27 | LynzoiD · tribute_sent a jugador 8 |
| 55:15 | timmy_c8 · resign |
[ AI ANALYSIS · 1 CREDIT ]
What really happened in this match?
Wolo.gg analyzes every decision: build order, eco, micro, common mistakes by bracket. Personalized analysis on WhatsApp or Discord in 30 seconds.
Civ guide
Bohemians
Map guide
Black Forest
Perfil
Aokiji